 Dungeon Crawl Stone Soup version 0.23.2-30-g0e89c35649 (webtiles) character file.

Game seed: 1559902891783487215

817 cab the Geomancer (level 7, -3/41 HPs)
             Began as a Gargoyle Earth Elementalist on June 8, 2019.
             Was an Initiate of Vehumet.
             Slain by an orc warrior
             ... wielding a +0 war axe
              (20 damage)
             ... on level 7 of the Dungeon.
             The game lasted 00:20:45 (6900 turns).

cab the Geomancer (Gargoyle Earth Elementalist)     Turns: 6900, Time: 00:20:45

Health: -3/41      AC:  7    Str: 11    XL:     7   Next: 94%
Magic:  7/12       EV: 12    Int: 18    God:    Vehumet [......]
Gold:   55         SH:  0    Dex: 10    Spells: 8/12 levels left

rFire    . . .     SeeInvis .   o - +0 whip
rCold    . . .     Gourm    .   (no shield)
rNeg     + . .     Faith    .   c - +0 robe
rPois    ∞         Spirit   .   (no helmet)
rElec    +         Reflect  .   (no cloak)
rCorr    .         Harm     .   t - +0 pair of gloves
MR       .....                  (no boots)
Stlth    ++........             (no amulet)
HPRegen  0.13/turn              (no ring)
MPRegen  0.13/turn              (no ring)

@: no status effects
A: negative energy resistance 1, electricity resistance, unbreathing,
petrification resistance, rot immunity, AC +4
a: Renounce Religion


You were on level 7 of the Dungeon.
You worshipped Vehumet.
Vehumet was noncommittal.
You were hungry.

You visited 2 branches of the dungeon, and saw 7 of its levels.

You collected 143 gold pieces.
You spent 88 gold pieces at shops.

Inventory:

Hand Weapons
 a - a +0 dagger
 o - a +0 whip (weapon)
 r - a +0 mace
 y - a +0 blowgun
 C - a +0 hunting sling
Missiles
 b - 105 stones (quivered)
 k - 31 sling bullets
 n - 63 bolts
 v - 46 arrows
 A - 15 poisoned needles
Armour
 c - a +0 robe (worn)
 m - a +0 robe
 t - a +0 pair of gloves (worn)
 B - a cursed +0 leather armour
 F - a +0 pair of gloves
Jewellery
 w - an uncursed ring of protection from fire {unknown}
 x - an uncursed ring of protection from magic
 G - a +5 ring of slaying {unknown}
Wands
 u - a wand of iceblast (8)
Scrolls
 f - 4 scrolls of amnesia {unknown}
 h - 5 scrolls of remove curse {unknown}
 i - 2 scrolls of teleportation {unknown}
 l - 3 scrolls of enchant weapon {unknown}
 p - 2 scrolls of magic mapping {unknown}
 s - a scroll of noise {unknown}
 E - a scroll of blinking {unknown}
 H - a scroll of fog {unknown}
 I - a scroll of identify {unknown}
Potions
 e - 2 potions of curing
 g - a potion of flight {unknown}
 j - a potion of degeneration {unknown}
 q - a potion of brilliance {unknown}
 z - a potion of heal wounds
 D - a potion of berserk rage {unknown}
Comestibles
 d - 9 rations


   Skills:
 + Level 3.0 Fighting
 - Level 1.0 Short Blades
 - Level 1.5 Dodging
 - Level 2.1 Stealth
 + Level 3.3 Spellcasting
 - Level 4.0 Conjurations
   Level 0.7 Transmutations
 + Level 8.2 Earth Magic


You had 8 spell levels left.
You knew the following spells:

 Your Spells              Type           Power        Failure   Level  Hunger
a - Sandblast             Erth           ####..       1%          1    None
b - Stone Arrow           Conj/Erth      ####..       3%          3    ###....

Your spell library contained the following spells:

 Spells                   Type           Power        Failure   Level  Hunger
 Magic Dart               Conj           ###.         3%          1    None
 Passwall                 Tmut/Erth      ###.....     3%          2    ##.....
 Searing Ray              Conj           ###...       4%          2    ##.....
 Lee's Rapid Deconstruct  Erth           ####......   14%         5    ######.
 Dazzling Spray           Conj/Hex       ##....       21%         3    ###....
 Petrify                  Tmut/Erth      ###.....     26%         4    ####...
 Iskenderun's Mystic Bla  Conj           ###.....     30%         4    ####...
 Force Lance              Conj/Tloc      ##......     56%         4    ####...
 Fulminant Prism          Conj/Hex       ##........   56%         4    ####...


Dungeon Overview and Level Annotations

Branches:
Dungeon (7/15)             Temple (1/1) D:4

Altars:
Ashenzari
Cheibriados
Gozag
Kikubaaqudgha
Makhleb
Nemelex Xobeh
Ru
Sif Muna
Trog
Vehumet
Wu Jian
Zin
The Shining One

Shops:
D:6 !


Innate Abilities, Weirdness & Mutations

You are resistant to torment.
Your stone body is resilient. (AC +4)
You are immune to poison.
You resist negative energy. (rN+)
You are resistant to electric shocks. (rElec)
You can survive without breathing.
You are immune to petrification.
You are immune to rotting.


Message History

The orc warrior hits you with a +0 war axe.
Casting: Sandblast (safe; 1% risk of failure)
Confirm with . or Enter, or press ? or * to list all spells.
Aiming: Sandblast (safe; 1% risk of failure)
Press: ? - help, Shift-Dir - straight line, f/p - orc warrior
Aim: an orc warrior, wielding a +0 war axe and wearing a +0 chain mail (moderately wounded)
The blast of sand hits the orc warrior.
The orc warrior is moderately wounded.
b - 106 stones The orc warrior completely misses you.
Casting: Sandblast (safe; 1% risk of failure)
Confirm with . or Enter, or press ? or * to list all spells.
Aiming: Sandblast (safe; 1% risk of failure)
Press: ? - help, Shift-Dir - straight line, f/p - orc warrior
Aim: an orc warrior, wielding a +0 war axe and wearing a +0 chain mail (moderately wounded)
The blast of sand hits the orc warrior but does no damage.
The orc warrior is moderately wounded.
b - 105 stones The orc warrior hits you with a +0 war axe!!
You die...

#. #.##### #.
......#
#.###.....###
#.#..........
#.#.#........
#.#.#)#.###
#.........#
###o#.###+####
#@#........#
#.###......#
#.# #......#
####.#
#......#
#....#
#......#
#....#
#......#
#....#
########
#....# ######


You could see an orc warrior.

Vanquished Creatures
  2 centaurs
  An ogre (D:4)
  A bullfrog (D:7)
  A scorpion (D:7)
  A crimson imp (D:7)
  A bullfrog zombie (D:4)
  A centaur skeleton (D:4)
  An orc wizard (D:4)
  A worker ant (D:4)
  Natasha (thrice) (D:2)
  7 gnolls
  8 adders
  An ooze (D:4)
  2 worms
  3 dart slugs
  2 leopard geckos (D:1)
  4 orcs
  3 giant cockroaches (D:3)
  5 goblins
  5 hobgoblins
  10 jackals
  10 kobolds
  2 quokkas
  2 ball pythons
  4 bats
  9 frilled lizards
  6 rats
96 creatures vanquished.

Notes
Turn   | Place    | Note
-------+----------+-------------------------------------------
     0 | D:1      | cab the Gargoyle Earth Elementalist began the quest for the
                  | Orb.
     0 | D:1      | Reached XP level 1. HP: 10/10 MP: 3/3
   106 | D:1      | Reached skill level 4 in Earth Magic
   157 | D:1      | Reached XP level 2. HP: 15/15 MP: 5/5
   951 | D:1      | Reached skill level 1 in Short Blades
  1433 | D:2      | Reached XP level 3. HP: 17/19 MP: 4/6
  1559 | D:2      | Reached skill level 5 in Earth Magic
  1597 | D:2      | Reached XP level 4. HP: 11/24 MP: 2/7
  1823 | D:2      | Learned a level 3 spell: Stone Arrow
  2388 | D:2      | Noticed Natasha
  2391 | D:2      | Killed Natasha
  2391 | D:2      | Reached skill level 1 in Conjurations
  2710 | D:2      | Noticed Natasha
  2711 | D:2      | Killed Natasha
  2711 | D:2      | Reached skill level 6 in Earth Magic
  2711 | D:2      | Reached XP level 5. HP: 28/28 MP: 6/8
  2830 | D:2      | Found a sparkling altar of Nemelex Xobeh.
  3143 | D:2      | Noticed Natasha
  3147 | D:2      | Killed Natasha
  4519 | D:3      | Reached XP level 6. HP: 31/32 MP: 9/9
  4776 | D:4      | Reached skill level 7 in Earth Magic
  4981 | D:4      | Found a staircase to the Ecumenical Temple.
  5000 | Temple   | Entered the Ecumenical Temple
  5095 | Temple   | Became a worshipper of Vehumet
  5553 | D:4      | Reached skill level 1 in Fighting
  5553 | D:4      | Reached XP level 7. HP: 38/38 MP: 7/10
  6168 | D:4      | You fall through a shaft for 3 floors!
  6172 | D:6      | Found Olot Xos's Distillery.
  6510 | D:6      | Bought a potion of curing for 33 gold pieces
  6510 | D:6      | Bought a potion of heal wounds for 55 gold pieces
  6604 | D:7      | Reached skill level 8 in Earth Magic
  6900 | D:7      | Slain by an orc warrior

Skill      XL: |  1  2  3  4  5  6  7 |
---------------+----------------------+-----
Earth Magic    | 4 5 6 7 8 |  8.2
Short Blades   | 1 |  1.0
Conjurations   | 1 2 4 |  4.0
Fighting       | 1 3 |  3.0
Spellcasting   | 3 |  3.3
Dodging        | |  1.5
Stealth        | |  2.1
Transmutations | |  0.7

Action                   |  1- 3 |  4- 6 |  7- 9 || total
-------------------------+-------+-------+-------++-------
Melee: Dagger            |   103 |       |       ||   103
       Whip              |       |   300 |    75 ||   375
 Cast: Sandblast         |    16 |    27 |    31 ||    74
       Stone Arrow       |       |     8 |     4 ||    12
  Use: Potion            |       |       |     1 ||     1
 Stab: Sleeping          |       |     2 |       ||     2
  Eat: Chunk             |     2 |    13 |     6 ||    21
Armor: Robe              |    25 |   110 |    39 ||   174
Dodge: Dodged            |    76 |   209 |    69 ||   354
